TOP OF THE 1ST |
Oregon Ducks batting - Pitching for Kentucky Wildcats : RHP Adam Parker
|
Pitching: RHP Adam Parker
|
|
Batting: LHB Bill Stephenson
|
0-0: Ball 1-0: Foul Ball, location: 2F 1-1: Ball 2-1: Foul Ball, location: 2F 2-2: Foul Ball, location: 2F 2-2: SINGLE (Line Drive, 78M)
|
Batting: RHB Michael Heller
|
0-0: Called Strike 0-1: Ball 1-1: Called Strike 1-2: Foul Ball, location: 2F 1-2: Ball 2-2: Ball 3-2: Foul Ball, location: 2F 3-2: Base on Balls Bill Stephenson to second
|
Batting: LHB Justin McCoy
|
0-0: Called Strike 0-1: Ball 1-1: Ball Michael Heller is caught stealing 2nd base 2-1: Ball 3-1: Foul Ball, location: 2F 3-2: Strikes out swinging
|
Batting: RHB Raúl González
|
0-0: Ground out 5-3 (Groundball, 5)
|
Top of the 1st over - 0 run(s), 1 hit(s), 0 error(s), 1 left on base; Oregon 0 - Kentucky 0 |
BOTTOM OF THE 1ST |
Kentucky Wildcats batting - Pitching for Oregon Ducks : RHP George Pierce
|
Pitching: RHP George Pierce
|
|
Batting: RHB Lewis Childress
|
0-0: Ball 1-0: Called Strike 1-1: Ball 2-1: SINGLE (Groundball, 6MD)
|
Batting: SHB Steve Shaw
|
0-0: Called Strike 0-1: Ball 1-1: Foul Ball, location: 2F 1-2: Foul Ball, location: 2F 1-2: SINGLE (Line Drive, 9S) Lewis Childress to second Runner from 2nd tries for 3rd, SAFE, throw made to third
|
Batting: LHB César Rodríguez
|
0-0: Ball 1-0: Called Strike 1-1: Called Strike 1-2: Strikes out swinging
|
Batting: LHB Mark Sanders
|
0-0: Fly out, F8 (Flyball, 8LM) Runner from 3rd tags up, SCORES, no throw
|
Batting: RHB Joseph Leach
|
0-0: Ball 1-0: Ground out 5-3 (Groundball, 56)
|
Bottom of the 1st over - 1 run(s), 2 hit(s), 0 error(s), 1 left on base; Oregon 0 - Kentucky 1 |
TOP OF THE 2ND |
Oregon Ducks batting - Pitching for Kentucky Wildcats : RHP Adam Parker
|
Batting: RHB William Ewing
|
0-0: Called Strike 0-1: Fly out, F8 (Flyball, 78M)
|
Batting: RHB José Vega
|
0-0: Called Strike 0-1: Ball 1-1: Ball 2-1: Ball 3-1: SINGLE (Groundball, 56S) (infield hit)
|
Batting: LHB Francisco Romo
|
0-0: Fly out, F8 (Flyball, 8LD)
|
Batting: RHB Jason Wheeler
|
0-0: Called Strike 0-1: Swinging Strike 0-2: Ball 1-2: Foul Ball, location: 2F 1-2: Strikes out swinging
|
Top of the 2nd over - 0 run(s), 1 hit(s), 0 error(s), 1 left on base; Oregon 0 - Kentucky 1 |
BOTTOM OF THE 2ND |
Kentucky Wildcats batting - Pitching for Oregon Ducks : RHP George Pierce
|
Batting: LHB Matt Taylor
|
0-0: SINGLE (Groundball, 4MD)
|
Batting: RHB Andy Johnston
|
0-0: Called Strike 0-1: Ball 1-1: Foul Ball, location: 2F 1-2: Reached on error, E1 (Groundball, P) Matt Taylor to second
|
Batting: RHB Pat Johnston
|
0-0: Ball 1-0: Foul Ball, location: 2F 1-1: Ball 2-1: Called Strike 2-2: Ball 3-2: Base on Balls Matt Taylor to third Andy Johnston to second
|
Batting: SHB Russ Beasley
|
0-0: Called Strike 0-1: Ball 1-1: Foul Ball, location: 2F 1-2: Ball 2-2: Ball 3-2: Foul Ball, location: 2F 3-2: Foul Ball, location: 2F 3-2: Base on Balls Matt Taylor scores Andy Johnston to third Pat Johnston to second
|
Batting: RHB Lewis Childress
|
0-0: Ball 1-0: Ball 2-0: Swinging Strike 2-1: Foul Ball, location: 2F 2-2: Foul Ball, location: 2F 2-2: Grounds into double play, 1-2-3 (Groundball, 13S) Pat Johnston to third Russ Beasley to second
|
Batting: SHB Steve Shaw
|
0-0: Fly out, F7 (Line Drive, 7S)
|
Bottom of the 2nd over - 1 run(s), 1 hit(s), 1 error(s), 2 left on base; Oregon 0 - Kentucky 2 |
TOP OF THE 3RD |
Oregon Ducks batting - Pitching for Kentucky Wildcats : RHP Adam Parker
|
Batting: RHB Sean Smith
|
0-0: Fly out, F9 (Flyball, 89M)
|
Batting: LHB Bill Stephenson
|
0-0: Ball 1-0: SINGLE (Line Drive, 89S)
|
Batting: RHB Michael Heller
|
0-0: Called Strike Bill Stephenson is caught stealing 2nd base 0-1: SINGLE (Flyball, 8LS)
|
Batting: LHB Justin McCoy
|
0-0: Swinging Strike 0-1: Foul Ball, location: 2F 0-2: Foul Ball, location: 2F 0-2: Ball 1-2: Strikes out looking
|
Top of the 3rd over - 0 run(s), 2 hit(s), 0 error(s), 1 left on base; Oregon 0 - Kentucky 2 |
BOTTOM OF THE 3RD |
Kentucky Wildcats batting - Pitching for Oregon Ducks : RHP George Pierce
|
Batting: LHB César Rodríguez
|
0-0: Ball 1-0: Foul Ball, location: 2F 1-1: Called Strike 1-2: Ground out 4-3 (Groundball, 34)
|
Batting: LHB Mark Sanders
|
0-0: Called Strike 0-1: Ball 1-1: Foul Ball, location: 2F 1-2: Ball 2-2: Foul Ball, location: 2F 2-2: Ball 3-2: Fly out, F7 (Flyball, 7S)
|
Batting: RHB Joseph Leach
|
0-0: Ball 1-0: Foul Ball, location: 2F 1-1: Fly out, F7 (Flyball, 78M)
|
Bottom of the 3rd over - 0 run(s), 0 hit(s), 0 error(s), 0 left on base; Oregon 0 - Kentucky 2 |
TOP OF THE 4TH |
Oregon Ducks batting - Pitching for Kentucky Wildcats : RHP Adam Parker
|
Batting: RHB Raúl González
|
0-0: Foul Ball, location: 2F 0-1: Ball 1-1: Called Strike 1-2: Strikes out swinging
|
Batting: RHB William Ewing
|
0-0: Ball 1-0: Foul Ball, location: 2F 1-1: Ground out 5-3 (Groundball, 5)
|
Batting: RHB José Vega
|
0-0: Called Strike 0-1: Ball 1-1: Foul Ball, location: 2F 1-2: Foul Ball, location: 2F 1-2: Foul Ball, location: 2F 1-2: Foul Ball, location: 2F 1-2: Ball 2-2: SOLO HOME RUN (Line Drive, 7D), Distance : 358 ft
|
Batting: LHB Francisco Romo
|
0-0: Ball 1-0: Ball 2-0: Ball 3-0: Base on Balls
|
Batting: RHB Jason Wheeler
|
0-0: Ball 1-0: Called Strike 1-1: Ball 2-1: Foul Ball, location: 2F 2-2: Fly out, F9 (Flyball, 9S)
|
Top of the 4th over - 1 run(s), 1 hit(s), 0 error(s), 1 left on base; Oregon 1 - Kentucky 2 |
BOTTOM OF THE 4TH |
Kentucky Wildcats batting - Pitching for Oregon Ducks : RHP George Pierce
|
Batting: LHB Matt Taylor
|
0-0: Ball 1-0: Called Strike 1-1: Ball 2-1: Ground out 4-3 (Groundball, 4MS)
|
Batting: RHB Andy Johnston
|
0-0: Ball 1-0: Ball 2-0: Ball 3-0: Called Strike 3-1: Swinging Strike 3-2: Fly out, F8 (Flyball, 8LM)
|
Batting: RHB Pat Johnston
|
0-0: Ball
|
|
|
|
1-0: Ground out 4-3 (Groundball, 4)
|
Bottom of the 4th over - 0 run(s), 0 hit(s), 0 error(s), 0 left on base; Oregon 1 - Kentucky 2 |
TOP OF THE 5TH |
Oregon Ducks batting - Pitching for Kentucky Wildcats : RHP Adam Parker
|
Batting: RHB Sean Smith
|
0-0: Called Strike 0-1: Fly out, F9 (Flyball, 9S)
|
Batting: LHB Bill Stephenson
|
0-0: Ground out 4-3 (Groundball, 4)
|
Batting: RHB Michael Heller
|
0-0: Ball 1-0: Ball 2-0: Ball 3-0: Called Strike 3-1: Base on Balls
|
Batting: LHB Justin McCoy
|
0-0: Called Strike Michael Heller steals 2nd base 0-1: Ball 1-1: Ball 2-1: Foul Ball, location: 2F 2-2: Ball 3-2: 2-RUN HOME RUN (Flyball, 9D), Distance : 364 ft
|
Batting: RHB Raúl González
|
0-0: Called Strike 0-1: Ball 1-1: Called Strike 1-2: Ball 2-2: Foul Ball, location: 2F 2-2: Ball 3-2: Foul Ball, location: 2F 3-2: Ground out 6-3 (Groundball, 56)
|
Top of the 5th over - 2 run(s), 1 hit(s), 0 error(s), 0 left on base; Oregon 3 - Kentucky 2 |
BOTTOM OF THE 5TH |
Kentucky Wildcats batting - Pitching for Oregon Ducks : RHP George Pierce
|
Batting: SHB Russ Beasley
|
0-0: Called Strike 0-1: Ball 1-1: Foul Ball, location: 2F 1-2: Reached on error, E6 (Groundball, 6)
|
Batting: RHB Lewis Childress
|
0-0: Called Strike Russ Beasley steals 2nd base 0-1: Called Strike 0-2: Foul Ball, location: 2F 0-2: Strikes out swinging
|
Batting: SHB Steve Shaw
|
0-0: Called Strike 0-1: Ball 1-1: Swinging Strike 1-2: Strikes out looking
|
Pitching: RHP Jason McBride
|
|
Batting: LHB César Rodríguez
|
0-0: Ball 1-0: Ball 2-0: Foul Ball, location: 2F 2-1: Foul Ball, location: 2F 2-2: SINGLE (Line Drive, 8LS) Russ Beasley to third Runner from 3rd tries for Home, SAFE, no throw
|
Batting: LHB Mark Sanders
|
0-0: Ball 1-0: Swinging Strike 1-1: Called Strike 1-2: Fly out, F9 (Flyball, 9S)
|
Bottom of the 5th over - 1 run(s), 1 hit(s), 1 error(s), 1 left on base; Oregon 3 - Kentucky 3 |
TOP OF THE 6TH |
Oregon Ducks batting - Pitching for Kentucky Wildcats : RHP Adam Parker
|
Pitching: RHP Mauro Guerrero
|
|
Batting: RHB William Ewing
|
0-0: Fly out, F9 (Flyball, 9LM)
|
Batting: RHB José Vega
|
0-0: Foul Ball, location: 2F 0-1: Foul Ball, location: 2F 0-2: Strikes out looking
|
Batting: LHB Francisco Romo
|
0-0: Ball 1-0: Swinging Strike 1-1: Ball 2-1: Called Strike 2-2: Foul Ball, location: 2F 2-2: Ball 3-2: SINGLE (Line Drive, 4M)
|
Batting: RHB Jason Wheeler
|
0-0: Called Strike 0-1: Ball 1-1: Ball 2-1: Ball 3-1: Called Strike 3-2: Strikes out looking
|
Top of the 6th over - 0 run(s), 1 hit(s), 0 error(s), 1 left on base; Oregon 3 - Kentucky 3 |
BOTTOM OF THE 6TH |
Kentucky Wildcats batting - Pitching for Oregon Ducks : RHP Jason McBride
|
Batting: RHB Joseph Leach
|
0-0: Ball 1-0: Foul Ball, location: 2F 1-1: Ball 2-1: Swinging Strike 2-2: Foul Ball, location: 2F 2-2: Foul Ball, location: 2F 2-2: Strikes out swinging
|
Batting: LHB Matt Taylor
|
0-0: Ball 1-0: Ball 2-0: Foul Ball, location: 2F 2-1: Ball 3-1: SINGLE (Groundball, 4D)
|
Batting: RHB Andy Johnston
|
0-0: Called Strike 0-1: Swinging Strike 0-2: Strikes out swinging
|
Batting: RHB Pat Johnston
|
0-0: Ball 1-0: Ball Matt Taylor is caught stealing 2nd base
|
Bottom of the 6th over - 0 run(s), 1 hit(s), 0 error(s), 0 left on base; Oregon 3 - Kentucky 3 |
TOP OF THE 7TH |
Oregon Ducks batting - Pitching for Kentucky Wildcats : RHP Mauro Guerrero
|
Batting: RHB Sean Smith
|
0-0: Ball 1-0: Ground out 4-3 (Groundball, 4M)
|
Batting: LHB Bill Stephenson
|
0-0: Swinging Strike 0-1: Foul Ball, location: 2F 0-2: Ball 1-2: Strikes out looking
|
Batting: RHB Michael Heller
|
0-0: Ball 1-0: Swinging Strike 1-1: Called Strike 1-2: Ball 2-2: Foul Ball, location: 2F 2-2: Ball 3-2: Foul Ball, location: 2F 3-2: SINGLE (Groundball, 2R) (infield hit)
|
Batting: LHB Justin McCoy
|
0-0: Ball 1-0: Foul Ball, location: 2F 1-1: Ball 2-1: Fly out, F9 (Line Drive, 9)
|
Top of the 7th over - 0 run(s), 1 hit(s), 0 error(s), 1 left on base; Oregon 3 - Kentucky 3 |
BOTTOM OF THE 7TH |
Kentucky Wildcats batting - Pitching for Oregon Ducks : RHP Jason McBride
|
Batting: RHB Pat Johnston
|
0-0: Called Strike 0-1: Ball 1-1: Fly out, F7 (Flyball, 7)
|
Batting: SHB Russ Beasley
|
0-0: Called Strike 0-1: Ball 1-1: Ball 2-1: Ball 3-1: Foul Ball, location: 2F 3-2: Foul Ball, location: 2F 3-2: Base on Balls
|
Batting: RHB Lewis Childress
|
0-0: Ball 1-0: Ball 2-0: Foul Ball, location: 2F 2-1: Foul Ball, location: 2F 2-2: Ball 3-2: Ground out 5-3 (Groundball, 56) Russ Beasley to second
|
Batting: SHB Steve Shaw
|
0-0: Ball 1-0: Reached on error, E6 (Groundball, 6) Russ Beasley to third
|
Batting: LHB César Rodríguez
|
0-0: Ball 1-0: Fielders Choice at 2nd, 4-6 (Groundball, 4)
|
Bottom of the 7th over - 0 run(s), 0 hit(s), 1 error(s), 1 left on base; Oregon 3 - Kentucky 3 |
TOP OF THE 8TH |
Oregon Ducks batting - Pitching for Kentucky Wildcats : RHP Mauro Guerrero
|
Batting: RHB Raúl González
|
0-0: Called Strike 0-1: Swinging Strike 0-2: Foul Ball, location: 2F 0-2: Ball 1-2: Strikes out looking
|
Pinch Hitting: RHB Jerry Harris
|
0-0: Foul Ball, location: 2F 0-1: Ball 1-1: Ball 2-1: Swinging Strike 2-2: Ground out 6-3 (Groundball, 6)
|
Batting: RHB José Vega
|
0-0: Foul Ball, location: 2F 0-1: Called Strike 0-2: Ball 1-2: Strikes out swinging
|
Top of the 8th over - 0 run(s), 0 hit(s), 0 error(s), 0 left on base; Oregon 3 - Kentucky 3 |
BOTTOM OF THE 8TH |
Kentucky Wildcats batting - Pitching for Oregon Ducks : RHP Jason McBride
|
Pitching: RHP Vincente Ferreira
|
|
Now in LF: Jerry Harris
|
|
Batting: LHB Mark Sanders
|
0-0: Foul Ball, location: 2F 0-1: Foul Ball, location: 2F 0-2: Strikes out swinging
|
Batting: RHB Joseph Leach
|
0-0: Called Strike 0-1: Ball 1-1: Ball 2-1: Ball 3-1: Swinging Strike 3-2: Strikes out swinging
|
Batting: LHB Matt Taylor
|
0-0: Called Strike 0-1: Ball 1-1: Ball 2-1: Called Strike 2-2: Foul Ball, location: 2F 2-2: Foul Ball, location: 2F 2-2: Ground out 4-3 (Groundball, 4MS)
|
Bottom of the 8th over - 0 run(s), 0 hit(s), 0 error(s), 0 left on base; Oregon 3 - Kentucky 3 |
TOP OF THE 9TH |
Oregon Ducks batting - Pitching for Kentucky Wildcats : RHP Mauro Guerrero
|
Pitching: RHP Jack Davis
|
|
Batting: LHB Francisco Romo
|
0-0: Called Strike 0-1: Swinging Strike 0-2: Strikes out swinging, 2-3 out at first.
|
Pinch Hitting: RHB Ben Donnelly
|
0-0: Ball 1-0: Called Strike 1-1: Swinging Strike 1-2: Ball 2-2: Ball 3-2: Fly out, F5 (Line Drive, 5S)
|
Batting: RHB Sean Smith
|
0-0: Ball 1-0: Ground out 6-3 (Groundball, 6)
|
Top of the 9th over - 0 run(s), 0 hit(s), 0 error(s), 0 left on base; Oregon 3 - Kentucky 3 |
BOTTOM OF THE 9TH |
Kentucky Wildcats batting - Pitching for Oregon Ducks : RHP Vincente Ferreira
|
Pitching: LHP Scott Jackson
|
|
Now at 1B: Ben Donnelly
|
|
Pinch Hitting: RHB Roberto Juárez
|
0-0: Ball 1-0: Swinging Strike 1-1: Called Strike 1-2: Foul Ball, location: 2F 1-2: Ball 2-2: Foul Ball, location: 2F 2-2: Ball 3-2: Foul Ball, location: 2F 3-2: Base on Balls
|
Pinch Runner at 1st António Olivares:
|
|
Batting: RHB Pat Johnston
|
0-0: Ball 1-0: Ball 2-0: SINGLE (Groundball, 6MD) António Olivares to second
|
Batting: SHB Russ Beasley
|
0-0: Called Strike 0-1: Called Strike 0-2: Ball 1-2: Strikes out swinging
|
Batting: RHB Lewis Childress
|
0-0: Foul Ball, location: 2F 0-1: SINGLE (Groundball, 5D) António Olivares to third Pat Johnston to second Runner from 3rd tries for Home, SAFE, no throw
|
Thursday, March 30th, 2017 - OOTP Baseball 17.12 Build 75
|
|